 Dungeon Crawl Stone Soup version 0.20.0-6-gd3061e9 (webtiles) character file.

114 cereshysteria the Grave Robber (level 4, 0/33 HPs)
             Began as a Hill Orc Necromancer on May 29, 2017.
             Killed from afar by Sigmund (4 damage)
             ... with a magic dart
             ... on level 2 of the Dungeon.
             The game lasted 00:16:18 (3558 turns).

cereshysteria the Grave Robber (HONe)               Turns: 3558, Time: 00:16:19

Health: 0/33       AC: 11    Str:  7 (10) XL:     4   Next: 97%
Magic:  6/6        EV:  7    Int: 16 (19) God:
Gold:   55         SH:  0    Dex: 15 (16) Spells: 2/6 levels left

rFire    . . .     SeeInvis .   d - +0 dagger
rCold    . . .     Gourm    .   (no shield)
rNeg     . . .     Faith    .   e - +0 chain mail
rPois    .         Spirit   .   k - +2 helmet {Int+3}
rElec    .         Reflect  .   (no cloak)
rCorr    .         Harm     .   (no gloves)
MR       .....                  (no boots)
Stlth    ..........             (no amulet)
Regen    0.2/turn               (no ring)
MPRegen  0.1/turn               (no ring)

@: agile, very slightly contaminated
A: no striking features
a: no special abilities


You were on level 2 of the Dungeon.
You were not hungry.

You visited 1 branch of the dungeon, and saw 2 of its levels.

You collected 55 gold pieces.

Inventory:

Hand Weapons
 d - a +0 dagger (weapon)
 i - a +1 vampiric whip
Armour
 a - a +0 robe
 e - a +0 chain mail (worn)
 k - a +2 helmet of intelligence (worn)
Jewellery
 f - an uncursed ring of flight {unknown}
Scrolls
 n - 2 scrolls of identify {unknown}
Books
 b - a book of Necromancy

   Spells                             Type                      Level
   a - Pain                           Necromancy                   1
   b - Animate Skeleton               Necromancy                   1
   c - Vampiric Draining              Necromancy                   3
   d - Regeneration                   Charms/Necromancy            3
   e - Animate Dead                   Necromancy                   4
   f - Control Undead                 Necromancy                   4
Comestibles
 c - a bread ration


   Skills:
 - Level 0.2 Fighting
 + Level 2.2 Short Blades
 - Level 1.6 Dodging
 - Level 1.5 Stealth
 - Level 1.5 Spellcasting
 + Level 5.5 Necromancy


You had 2 spell levels left.
You knew the following spells:

 Your Spells              Type           Power        Failure   Level  Hunger
a - Pain                  Necr           ###.         100%        1    ##.....
b - Vampiric Draining     Necr           ###.......   100%        3    ####...


Dungeon Overview and Level Annotations

Branches:
Dungeon (2/15)

Altars:

Annotations:
D:2 Sigmund


Message History

Something tries to affect you, but you resist.
Something hits you. Something hits you but does no damage.
You hit something. You hit something.
You hear some strange, mumbled words.
A magic dart appears from out of thin air!
The magic dart hits you!
* * * LOW HITPOINT WARNING * * *
You closely miss something. Something hits you but does no damage.
You aren't carrying any potions.
Blink to where?
Press: ? - help, Dir - move target cursor You are very lightly contaminated with residual magic.
As you read the scroll labeled MUNGEQ UTWU, it crumbles to dust.
It was a scroll of blinking.
You start resting.
A magic dart appears from out of thin air!
The magic dart hits you!
You die...

.........###.....................
.........###.....................
..........(.................†...#
.....................###.........
.....................# ####......
.........######.....## #......
..{........# #.....#### #####...
...........####........# #.......
................@......# #.......
.......................# #.......
.......................# #.......
.......................###......#
...........#####.......#.........
...........##..........#....)....
...........##....................
...........##.............)......
...........##...................#


There were no monsters in sight!

Vanquished Creatures
  4 adders (D:2)
  2 worms (D:2)
  A dart slug (D:2)
  A leopard gecko (D:2)
  4 giant cockroaches
  12 goblins
  7 hobgoblins
  8 jackals (D:2)
  3 quokkas (D:2)
  A ball python (D:1)
  3 bats (D:1)
  4 frilled lizards
  6 kobolds
  9 rats
65 creatures vanquished.

Notes
Turn   | Place    | Note
-------+----------+-------------------------------------------
     0 | D:1      | cereshysteria the Hill Orc Necromancer began the quest for the Orb.
     0 | D:1      | Reached XP level 1. HP: 14/14 MP: 3/3
   343 | D:1      | Reached XP level 2. HP: 20/20 MP: 2/4
   913 | D:1      | Reached XP level 3. HP: 17/26 MP: 0/5
  1605 | D:2      | Reached skill level 5 in Necromancy
  1636 | D:2      | Reached skill level 1 in Short Blades
  1683 | D:2      | Learned a level 3 spell: Vampiric Draining
  1726 | D:2      | Reached XP level 4. HP: 33/33 MP: 6/6
  2949 | D:2      | Noticed Sigmund
  3558 | D:2      | Killed from afar by Sigmund

Skill      XL: |  1  2  3  4 |
---------------+-------------+-----
Necromancy     | 5 |  5.5
Short Blades   | 1 2 |  2.2
Fighting       | |  0.2
Dodging        | |  1.6
Stealth        | |  1.5
Spellcasting   | |  1.5

Action                   |  1- 3 |  4- 6 || total
-------------------------+-------+-------++-------
Melee: Dagger            |    55 |   132 ||   187
 Cast: Pain              |    49 |    13 ||    62
       Vampiric Draining |       |    15 ||    15
  Use: Potion            |       |     5 ||     5
       Scroll            |       |     2 ||     2
  Eat: Chunk             |     2 |       ||     2
       Bread ration      |     1 |     2 ||     3
Armor: Robe              |    20 |    34 ||    54
       Chain mail        |       |    17 ||    17
Dodge: Dodged            |    50 |    64 ||   114
